 Dungeon Crawl Stone Soup version 0.27.0-1-g7a089689b8 (webtiles) character file.

Game seed: 13886314076718534427

155229 Smaepdii the Tortoise (level 17, -3/116 HPs)
             Began as a Gargoyle Fighter on Aug 9, 2021.
             Was a High Priest of Okawaru.
             Killed from afar by a will-o-the-wisp (34 damage)
             ... with a foxfire
             ... on level 4 of the Swamp.
             The game lasted 02:13:26 (30212 turns).

Smaepdii the Tortoise (Gargoyle Fighter)           Turns: 30212, Time: 02:13:26

Health: -3/116     AC: 49    Str: 25    XL:     17   Next: 64%
Magic:  17/17      EV: 14    Int: 13    God:    Okawaru [*****.]
Gold:   2400       SH: 13    Dex: 18    Spells: 16/16 levels left

rFire    x . .     SeeInvis +   V - +3 morningstar of Zin's Scorn {freeze, +Blink Dex+4}
rCold    + + .     Faith    .   e - +0 kite shield {AC+3}
rNeg     + . .     Spirit   .   a - +2 plate armour {rC+}
rPois    ∞         Reflect  .   d - +0 helmet
rElec    +         Harm     .   U - +2 cloak {rCorr}
rCorr    +         Rampage  .   F - +0 pair of gloves
Will     +++..                  w - +1 pair of boots "Esteiqeo" {Will++}
Stlth    ..........             x - amulet of regeneration
HPRegen  1.29/turn              f - ring of Qawoame {Ice Str+4 Int+3 SInv}
MPRegen  0.15/turn              o - +4 ring of protection

@: flying, studying Slings
A: sickness immunity, AC +12, big wings, negative energy resistance 1,
electricity resistance, torment resistance 1, petrification resistance
a: Renounce Religion, Evoke Blink, Heroism, Finesse


You were on level 4 of the Swamp.
You worshipped Okawaru.
Okawaru was extremely pleased with you.
You visited 5 branches of the dungeon, and saw 28 of its levels.

You collected 3240 gold pieces.
You spent 840 gold pieces at shops.

Inventory:

Hand Weapons
 L - a +7 flail of draining
 V - the +3 morningstar of Zin's Scorn (weapon) {freeze, +Blink Dex+4}
   (You bought it in a shop on level 15 of the Dungeon)

   It freezes those it strikes, dealing additional cold damage.
   It can also slow down cold-blooded creatures.
   Dex:       It affects your dexterity (+4).
   +Blink:    It lets you blink.
Missiles
 g - 6 throwing nets
Armour
 a - a +2 plate armour of cold resistance (worn)
 d - a +0 helmet (worn)
 e - a +0 kite shield of protection (worn)
 j - the +2 cloak of Courage {rN+ Will+ Dex+3}
   (You found it on level 2 of the Swamp)

   Dex:       It affects your dexterity (+3).
   rN:        It protects you from negative energy.
   Will:      It increases your willpower.
 r - a scarf of invisibility
 u - a +0 tower shield
 w - the +1 pair of boots "Esteiqeo" (worn) {Will++}
   (You found it on level 7 of the Dungeon)

   Will:      It greatly increases your willpower.
 F - a +0 pair of gloves (worn)
 U - a +2 cloak of preservation (worn)
 W - a +2 pair of boots of rampaging
Jewellery
 f - the ring of Qawoame (left hand) {Ice Str+4 Int+3 SInv}
   (You took it off a centaur warrior on level 11 of the Dungeon)

   [ring of ice]

   It enhances your ice magic.
   Str:       It affects your strength (+4).
   Int:       It affects your intelligence (+3).
   rF:        It makes you vulnerable to fire.
   rC:        It protects you from cold.
   SInv:      It lets you see invisible.
 o - a +4 ring of protection (right hand)
 t - a ring of protection from fire
 x - an amulet of regeneration (around neck)
Wands
 b - a wand of paralysis (28)
 n - a wand of iceblast (30)
 y - a wand of mindburst (44)
 G - a wand of flame (48)
 J - a wand of digging (15)
 M - a wand of polymorph (7)
 T - a wand of acid (14) (quivered)
Scrolls
 c - a scroll of enchant weapon
 s - 3 scrolls of enchant armour
 v - 5 scrolls of teleportation
 z - a scroll of blinking
 A - 6 scrolls of fog
 C - a scroll of fear
 E - 5 scrolls of identify
 I - 2 scrolls of magic mapping
 P - 4 scrolls of amnesia
 Q - a scroll of holy word
 R - a scroll of silence
 Z - a scroll of brand weapon
Potions
 h - 2 potions of might
 i - 2 potions of haste
 k - 3 potions of magic
 l - 3 potions of heal wounds
 p - 2 potions of ambrosia
 q - 2 potions of resistance
 D - 5 potions of mutation
 N - a potion of curing
 S - a potion of brilliance


   Skills:
 + Level 16.9 Fighting
 * Level 14.8 Maces & Flails
 + Level 16.9 Armour
 + Level 13.1 Dodging
 - Level 11.7 Shields


You had 16 spell levels left.
You didn't know any spells.
Your spell library contained the following spells:

 Spells                   Type           Power      Damage    Failure   Level
 Animate Skeleton         Necr           0%         N/A       97%         1
 Apportation              Tloc           0%         N/A       97%         1
 Corona                   Hex            0%         N/A       97%         1
 Freeze                   Ice            0%         1d3       97%         1
 Summon Small Mammal      Summ           0%         N/A       97%         1
 Call Canine Familiar     Summ           0%         N/A       100%        3
 Frozen Ramparts          Ice            0%         1d2       100%        3
 Gell's Gravitas          Tloc           0%         N/A       100%        3
 Lesser Beckoning         Tloc           0%         N/A       100%        3
 Portal Projectile        Hex/Tloc       0%         N/A       100%        3
 Teleport Other           Tloc           0%         N/A       100%        3
 Animate Armour           Summ/Erth      0%         N/A       100%        4
 Cause Fear               Hex            0%         N/A       100%        4
 Hailstorm                Conj/Ice       0%         3d3       100%        4
 Leda's Liquefaction      Hex/Erth       0%         N/A       100%        4
 Petrify                  Tmut/Erth      0%         N/A       100%        4
 Blade Hands              Tmut           0%         N/A       100%        5
 Excruciating Wounds      Necr           0%         N/A       100%        5
 Irradiate                Conj/Tmut      0%         3d13      100%        5
 Summon Mana Viper        Hex/Summ       0%         N/A       100%        5
 Dispersal                Tloc           0%         N/A       100%        6
 Iron Shot                Conj/Erth      0%         9d1       100%        6
 Dragon Form              Tmut           0%         N/A       100%        7
 Malign Gateway           Summ/Tloc      0%         N/A       100%        7
 Borgnjor's Revivificati  Necr           0%         N/A       100%        8
 Disjunction              Tloc           0%         N/A       100%        8
 Necromutation            Tmut/Necr      0%         N/A       100%        8
 Death's Door             Necr           0%         N/A       100%        9
 Dragon's Call            Summ           0%         N/A       100%        9
 Sublimation of Blood     Necr           Unusable   N/A       N/A         2

Dungeon Overview and Level Annotations

Branches:
Dungeon (15/15)            Temple (1/1) D:7            Lair (6/6) D:10
  Swamp (4/4) Lair:3        Snake (0/4) Lair:2        Slime (0/5) Lair:6
    Orc (2/2) D:10            Elf (0/3) Orc:2        Vaults (0/5) D:14
 Depths (0/5) D:15

Altars:
Ashenzari
Cheibriados
Dithmenos
Elyvilon
Fedhas
Gozag
Hepliaklqana
Kikubaaqudgha
Makhleb
Nemelex Xobeh
Okawaru
Qazlal
Ru
Sif Muna
Trog
Uskayaw
Vehumet
Wu Jian
Xom
Yredelemnul
Zin
The Shining One
Beogh

Shops:
D:3 !   D:13 (   D:15 (   Orc:2 *(![

Annotations:
D:10 2 transporters, suduhmizer's ghost, journeyman MiBe


Innate Abilities, Weirdness & Mutations

You are immune to sickness and miasma.
Your stone body is resilient. (AC +12)
You are immune to poison.
Your large and strong wings let you fly.
You resist negative energy. (rN+)
You are resistant to electric shocks. (rElec)
You are resistant to unholy torment.
You are immune to petrification.


Message History

You block the alligator's attack.
The alligator tail-slaps you but does no damage.
The alligator completely misses you. The alligator closely misses you.
Blink to where?
Press: ? - help, Dir - move target
As you read the scroll of blinking, it crumbles to dust.
The will-o-the-wisp blinks!
The alligator puts on a burst of speed!
The will-o-the-wisp gestures.
The will-o-the-wisp conjures some foxfire!
You fly downwards.
A hydra and a will-o-the-wisp come into view.
The four-headed hydra roars!
The will-o-the-wisp gives a chilling moan.
Found a stone staircase leading up.
There is a stone staircase leading up here.
A will-o-the-wisp comes into view.
The will-o-the-wisp gives a chilling moan.
A swamp worm comes into view.
A swamp dragon comes into view.
The will-o-the-wisp gestures.
The will-o-the-wisp conjures some foxfire!
The four-headed hydra bites you but does no damage.
You block the four-headed hydra's attack.
The four-headed hydra completely misses you.
You block the four-headed hydra's attack. 2 foxfires come into view.
You bludgeon the four-headed hydra!! You freeze the four-headed hydra!
The four-headed hydra is moderately wounded.
There is a stone staircase leading up here.
As you read the scroll of fear, it crumbles to dust.
You assume a fearsome visage.
The four-headed hydra looks frightened!
The will-o-the-wisp is unaffected.
The swamp dragon looks frightened!
The swamp worm looks frightened!
The will-o-the-wisp gestures.
The will-o-the-wisp conjures some foxfire! 2 foxfires come into view.
As you read the scroll of fog, it crumbles to dust.
The scroll dissolves into smoke.
The foxfire hits you!! The fire burns you terribly!
You die...

♣♣≈♣≈....D
♣.....≈≈§≈
♣≈^≈.≈§§≈
♣.§≈≈§v♣
♣.≈≈v≈§♣♣
♣♣§≈≈§§≈≈♣
♣≈§§§v..♣
♣.D§@§♣
♣♣§§♣♣♣
♣♣§§ <.§§
♣...§§
♣♣w.v§≈
..≈≈§≈§
.≈.≈..≈≈


You could see a four-headed hydra (fleeing), a swamp dragon (fleeing) and a
will-o-the-wisp.

Vanquished Creatures
  Saint Roka (Orc:1)
  A thorn hunter (Swamp:1)
  The ghost of xfalz the Thaumaturge, a journeyman GnSk of Ashenzari (Swamp:1)
  Nessos (Lair:5)
  2 bunyips
  Snorg (Lair:5)
  3 eleionomae
  The ghost of Kyusiynim the Covert, a journeyman GnEn (Lair:4)
  A fire dragon (Lair:6)
  A shambling mangrove (Swamp:1)
  Josephine (Lair:5)
  A quicksilver dragon zombie (D:15)
  17 hydras
  A ghost crab (Swamp:2)
  Harold (D:11)
  8 boulder beetles
  A death knight (D:12)
  6 centaur warriors
  A catoblepas (D:14)
  2 dancing weapons (D:14)
  A tengu warrior (D:14)
  6 alligators
  5 orc high priests (Orc:2)
  8 two-headed ogres
  A vampire mage (D:15)
  5 death yaks (Lair:6)
  The ghost of Laummuim the Gouger, a journeyman FeFi of Fedhas (Lair:4)
  2 goliath frogs (Swamp:1)
  2 skeletal warriors (D:15)
  4 swamp dragons
  2 spriggan druids
  3 lindwurms
  2 wizards
  A bog body (Swamp:1)
  A necromancer (D:15)
  8 orc knights
  2 deep elf pyromancers (D:15)
  12 ugly things
  4 manticores
  12 cyclopes
  3 orc sorcerers
  3 will-o-the-wisps (Swamp:1)
  23 elephants
  4 black mambas
  3 molten gargoyles (Lair:6)
  2 gargoyles
  4 torpor snails
  A cane toad (shapeshifter) (D:15)
  An unseen horror (D:12)
  20 cane toads
  3 kobold demonologists
  4 rime drakes
  Psyche (D:10)
  21 komodo dragons
  A spriggan zombie (D:15)
  A freezing wraith (D:14)
  6 trolls
  2 bloated husks
  5 polar bears
  5 hornets
  8 tyrant leeches
  35 blink frogs
  A deep troll zombie (D:15)
  4 dream sheep (Lair:6)
  An ice dragon zombie (D:15)
  10 slime creatures
  2 shadows
  5 wyverns
  A centaur simulacrum (D:11)
  5 large abominations (D:10)
  Sigmund (D:5)
  70 yaks
  6 wraiths
  8 vampire mosquitoes
  6 basilisks
  6 steam dragons
  A warg (Orc:1)
  4 swamp worms
  Duvessa (D:5)
  2 acid dragons
  5 hell hounds (Lair:6)
  20 water moccasins
  A hornet zombie (D:8)
  35 orc warriors
  A sky beast (D:6)
  An ice beast (D:6)
  6 black bears
  3 ogres
  13 wolves
  2 phantoms
  6 centaurs
  4 kobold brigands
  16 bullfrogs
  A gnoll sergeant (D:5)
  2 scorpions
  Dowan (D:6)
  A hornet simulacrum (D:14)
  7 small abominations (D:10)
  9 electric eels
  3 wights
  5 howler monkeys
  3 centaur zombies
  5 lava snakes (Lair:6)
  3 hounds
  A jelly (D:7)
  2 centaur skeletons
  39 orc priests
  3 iguanas
  25 orc wizards
  3 hound skeletons
  A howler monkey zombie (D:9)
  5 adders
  8 gnolls
  2 worms
  A dart slug (D:4)
  70 orcs
  7 bats
  10 endoplasms
  A giant cockroach (D:1)
  5 goblins
  5 hobgoblins
  13 jackals
  19 kobolds
  4 quokkas
  8 ball pythons
  3 frilled lizards
  7 rats
  A briar patch (Swamp:1)
820 creatures vanquished.

Vanquished Creatures (collateral kills)
  2 yaks (D:7)
2 creatures vanquished.

Vanquished Creatures (others)
  2 deep elf pyromancers (D:11)
  A bloated husk (Swamp:1)
  A yak (D:8)
  A swamp worm (Swamp:3)
  A centaur (D:8)
  An orc wizard (D:6)
  An orc (D:6)
  A bush (Lair:6)
  26 foxfires
  41 fungi
  68 plants
  4 withered plants (D:15)
148 creatures vanquished.

Grand Total: 970 creatures vanquished

Notes
Turn   | Place    | Note
-------+----------+-------------------------------------------
     0 | D:1      | Smaepdii the Gargoyle Fighter began the quest for the Orb.
     0 | D:1      | Reached XP level 1. HP: 14/14 MP: 1/1
   176 | D:1      | Reached XP level 2. HP: 19/19 MP: 2/2
   638 | D:1      | Reached XP level 3. HP: 21/23 MP: 3/3
   840 | D:1      | Found a faded altar of an unknown god.
   923 | D:2      | Found a sparkling altar of Nemelex Xobeh.
  1292 | D:2      | Reached XP level 4. HP: 29/29 MP: 4/4
  2043 | D:3      | Found Otungios's Distillery.
  2048 | D:3      | Bought a potion of heal wounds for 65 gold pieces
  2679 | D:3      | Noticed an ogre
  3494 | D:4      | Reached XP level 5. HP: 33/33 MP: 5/5
  4384 | D:5      | Entered Level 5 of the Dungeon
  4506 | D:5      | Noticed Sigmund
  4589 | D:5      | Killed Sigmund
  4590 | D:5      | Reached XP level 6. HP: 23/39 MP: 6/6
  5244 | D:5      | Reached XP level 7. HP: 39/44 MP: 7/7
  5320 | D:5      | Reached skill level 5 in Maces & Flails
  5649 | D:5      | Reached skill level 5 in Fighting
  5649 | D:5      | Reached skill level 5 in Armour
  5649 | D:5      | Reached skill level 5 in Shields
  5867 | D:5      | Identified the +8 falchion of the Warrior {drain, rF- rC++}
  6041 | D:6      | Noticed Duvessa
  6041 | D:6      | Noticed Dowan
  6051 | D:6      | Killed Dowan
  6126 | D:5      | Killed Duvessa
  6294 | D:6      | Reached XP level 8. HP: 46/49 MP: 8/8
  6446 | D:6      | Noticed a hornet
  6507 | D:6      | Killed a hornet
  7843 | D:6      | Reached XP level 9. HP: 16/56 MP: 9/9
  9340 | D:7      | Identified the +1 pair of boots "Esteiqeo" {Will++}
  9498 | D:7      | Found a staircase to the Ecumenical Temple.
  9555 | Temple   | Entered the Ecumenical Temple
  9629 | Temple   | Became a worshipper of Warmaster Okawaru
  9689 | D:7      | Found a sacrificial altar of Ru.
  9957 | D:7      | Reached * piety under Okawaru
  9960 | D:7      | Reached XP level 10. HP: 42/63 MP: 10/10
 10106 | D:8      | You fall into a shaft and drop 1 floor!
 10287 | D:8      | Reached ** piety under Okawaru
 11156 | D:9      | Noticed a two-headed ogre
 11167 | D:9      | Reached skill level 10 in Maces & Flails
 11230 | D:8      | Killed a two-headed ogre
 11468 | D:9      | Reached *** piety under Okawaru
 11838 | D:10     | Entered Level 10 of the Dungeon
 11880 | D:10     | Found a staircase to the Orcish Mines.
 11949 | D:10     | Found a transporter.
 11960 | D:10     | Reached XP level 11. HP: 69/69 MP: 11/11
 11961 | D:10     | Noticed suduhmizer's ghost (journeyman MiBe)
 11967 | D:10     | Found a transporter.
 12323 | D:10     | Noticed Psyche
 12355 | D:10     | Killed Psyche
 12355 | D:10     | Reached **** piety under Okawaru
 12597 | D:10     | Found a staircase to the Lair.
 12732 | D:10     | Noticed a wizard
 12746 | D:10     | Killed a wizard
 12746 | D:10     | Reached ***** piety under Okawaru
 12795 | D:10     | Noticed a large abomination
 12795 | D:10     | Noticed a large abomination
 12834 | D:10     | Killed a large abomination
 12928 | D:10     | Killed a large abomination
 13082 | D:10     | Got the Handbook of Dislocated Hexes
 13084 | D:10     | Identified the +3 short sword "Noet Pia" {speed, +Rage}
 13231 | D:11     | Noticed a cyclops
 13231 | D:11     | Noticed a cyclops
 13321 | D:11     | Killed a cyclops
 13321 | D:11     | Received a gift from Okawaru
 13327 | D:11     | Killed a cyclops
 13507 | D:11     | Noticed a two-headed ogre
 13515 | D:11     | Noticed a centaur warrior
 13516 | D:11     | Killed a two-headed ogre
 13517 | D:11     | Reached skill level 10 in Armour
 13517 | D:11     | Reached skill level 10 in Shields
 13517 | D:11     | Reached XP level 12. HP: 28/77 MP: 12/12
 13524 | D:11     | Killed a centaur warrior
 13525 | D:11     | Reached skill level 10 in Fighting
 13572 | D:11     | Noticed a boulder beetle
 13695 | D:11     | Killed a boulder beetle
 13784 | D:11     | Identified the ring of Qawoame {Ice Str+4 Int+3 SInv}
 13784 | D:11     | Noticed a centaur warrior
 13809 | D:11     | Killed a centaur warrior
 13865 | D:11     | Noticed Harold
 13869 | D:11     | Noticed a two-headed ogre
 13882 | D:11     | Killed Harold
 13890 | D:11     | Killed a two-headed ogre
 14291 | D:11     | Noticed a two-headed ogre
 14294 | D:11     | Noticed an eight-headed hydra
 14305 | D:11     | Killed an eight-headed hydra
 14305 | D:11     | Identified the +0 flail "Gargoyle's Regret" {pain, *Rage
                  | rElec rF+ Dex+5} (Okawaru gifted it to you on level 11 of
                  | the Dungeon)
 14305 | D:11     | Received a gift from Okawaru
 14305 | D:11     | Reached ****** piety under Okawaru
 14330 | D:11     | Killed a two-headed ogre
 14331 | D:11     | Reached XP level 13. HP: 35/84 MP: 13/13
 15112 | Lair:1   | Entered Level 1 of the Lair of Beasts
 15394 | Lair:1   | You fall into a shaft and drop 1 floor!
 15768 | Lair:2   | Received a gift from Okawaru
 15889 | Lair:2   | Found a staircase to the Snake Pit.
 15919 | Lair:2   | Reached skill level 1 in Dodging
 16755 | Lair:1   | Gained mutation: Your large and strong wings let you fly.
                  | [Gargoyle growth]
 16755 | Lair:1   | Reached XP level 14. HP: 91/92 MP: 14/14
 17291 | Lair:3   | Found a staircase to the Swamp.
 17468 | Lair:3   | You are sucked into a shaft and drop 2 floors!
 17504 | Lair:5   | Noticed Snorg
 17524 | Lair:5   | Killed Snorg
 17635 | Lair:3   | Received a gift from Okawaru
 17918 | Lair:3   | Reached skill level 5 in Dodging
 19338 | Lair:4   | You are sucked into a shaft and drop 1 floor!
 19684 | Lair:4   | Found a runed translucent gate.
 19684 | Lair:4   | Found a runed translucent gate.
 19685 | Lair:4   | Found a runed translucent gate.
 19686 | Lair:4   | Noticed Laummuim's ghost (journeyman FeFi)
 19686 | Lair:4   | Noticed Kyusiynim's ghost (journeyman GnEn)
 19702 | Lair:4   | Killed Kyusiynim's ghost
 19711 | Lair:4   | Killed Laummuim's ghost
 20078 | Lair:4   | Received a gift from Okawaru
 20280 | Lair:5   | Reached XP level 15. HP: 100/100 MP: 15/15
 20363 | Lair:5   | You are sucked into a shaft and drop 1 floor!
 20363 | Lair:6   | Entered Level 6 of the Lair of Beasts
 20879 | Lair:6   | Found a staircase to the Slime Pits.
 21345 | Lair:6   | Found a large runed translucent door.
 21345 | Lair:6   | Found a large runed translucent door.
 21643 | Lair:6   | Received a gift from Okawaru
 22271 | Lair:5   | Found a snail-covered altar of Cheibriados.
 22317 | Lair:5   | Noticed Nessos
 22327 | Lair:5   | Noticed Josephine
 22357 | Lair:5   | Killed Josephine
 22509 | Lair:5   | Killed Nessos
 22510 | Lair:5   | Reached skill level 15 in Armour
 22664 | Lair:5   | Reached skill level 15 in Fighting
 22961 | Lair:5   | Received a gift from Okawaru
 23185 | Orc:1    | Entered Level 1 of the Orcish Mines
 23254 | Orc:2    | Entered Level 2 of the Orcish Mines
 23374 | Orc:2    | Noticed Saint Roka
 23444 | Orc:1    | Killed Saint Roka
 23445 | Orc:1    | Reached skill level 10 in Dodging
 23445 | Orc:1    | Reached XP level 16. HP: 33/108 MP: 13/16
 23961 | Orc:2    | Found a staircase to the Elven Halls.
 24608 | Orc:2    | HP: 5/108 [orc high priest/divine providence (13)]
 25094 | Orc:2    | Found Dino Gamn's Antique Armour Emporium.
 25094 | Orc:2    | Found Jumor's Distillery.
 25095 | Orc:2    | Found Gauso's Antique Weapon Shoppe.
 25095 | Orc:2    | Found Laethrarr's General Store.
 25678 | D:12     | Received a gift from Okawaru
 25886 | D:12     | Identified the +1 ring mail of the Original Sin {Rampage
                  | rElec MP+9 Slay+2}
 26669 | D:13     | Found Komi's Antique Weapon Boutique.
 26693 | D:13     | Bought a glowing morningstar for 196 gold pieces
 27053 | D:14     | Found a stormy altar of Qazlal.
 27096 | D:14     | Found a sacrificial altar of Ru.
 27191 | D:14     | Found a gate to the Vaults.
 27508 | D:15     | Entered Level 15 of the Dungeon
 27586 | D:14     | Received a gift from Okawaru
 27703 | D:15     | Found a staircase to the Depths.
 27895 | D:15     | Reached XP level 17. HP: 102/116 MP: 10/17
 28173 | D:15     | Received a gift from Okawaru
 28245 | D:15     | Found Ukledwum's Weapon Shop.
 28253 | D:15     | Bought the +3 morningstar of Zin's Scorn {freeze, +Blink
                  | Dex+4} for 579 gold pieces
 28454 | Swamp:1  | Entered Level 1 of the Swamp
 28858 | Swamp:1  | You are sucked into a shaft and drop 1 floor!
 29280 | Swamp:1  | Found a runed translucent door.
 29281 | Swamp:1  | Noticed xfalz's ghost (journeyman GnSk)
 29309 | Swamp:1  | Killed xfalz's ghost
 29813 | Swamp:2  | Identified the +2 cloak of Courage {rN+ Will+ Dex+3}
 30207 | Swamp:4  | Entered Level 4 of the Swamp
 30212 | Swamp:4  | Killed from afar by a will-o-the-wisp

Illustrated notes

Levels and vault maps discovered:
D:1:      evilmike_arrival_home_sweet_home, layout_rooms,
          dreamdust_ecumenical_altar_statues, minmay_hexomino_c4
D:2:      layout_loops_ring, basic_altar, palyth_stone_intersect
D:3:      layout_loops_ring, serial_shops, shop
D:4:      layout_basic
D:5:      layout_gridville, uniq_sigmund
D:6:      minmay_flawed_box, layout_basic, minmay_misc_feat_more_columns,
          uniq_duvessa
D:7:      layout_cave_pools, mainiacjoe_overflow_concentric_impassable,
          minmay_temple_entry_overgrown, serial_park_tiny_pond,
          serial_bayou_ford_a
D:8:      layout_cave_pods, lemuel_flame_loot_1
D:9:      layout_loops_ring
D:10:     layout_loops_ring, grunt_lair_entry_orc_guard_hut,
          minmay_orc_entry_temple_small, gammafunk_ghost_mausoleum, laboratory,
          uniq_psyche
D:11:     minmay_the_grid_octo_tiled_octocenter
          [minmay_the_grid_octo_checkerflower, minmay_the_grid_octo_pinwheel,
          minmay_the_grid_octo_clover_2, minmay_the_grid_octo_77,
          minmay_the_grid_octo_prize_ultimate_mussel_roller,
          minmay_the_grid_square_5x5_shrine1,
          minmay_the_grid_square_5x5_fancy_junction,
          minmay_the_grid_square_5x5_slash,
          minmay_the_grid_square_5x5_sharp_hourglass], layout_cave_pods,
          uniq_harold
D:12:     layout_loops_ring, minmay_misc_feat_encased, grunt_ministairs_11
D:13:     layout_loops_ring, serial_shops, nicolae_stop_n_shop_1,
          disabler_island
D:14:     layout_gridville, erik_vaults_1, nicolae_ru_awakened_eye,
          nicolae_qazlal_scattered_showers
D:15:     gammafunk_depths_entry_grave, layout_rooms, serial_shops,
          nicolae_square_shop, chequers_serial_rivers_micro_a
Temple:   grunt_wide_crystal_templ
Lair:1:   layout_cave_pods, nicolae_quartered_pool_super,
          gammafunk_lair_bear_cave
Lair:2:   cheibrodos_lair_overgrown_chateau, layout_gridlike, dummy_snake_entry,
          infiniplex_staircase_pool
Lair:3:   nzn_winding_woodlands_stair_cross [nzn_winding_woodlands_5x15_crooked,
          nzn_winding_woodlands_center_garden,
          nzn_winding_woodlands_5x15_sidewinder,
          nzn_winding_woodlands_5x5_closed_star,
          nzn_winding_woodlands_5x5_default, nzn_winding_woodlands_5x15_twine,
          nzn_winding_woodlands_center_triple_pond,
          nzn_winding_woodlands_5x15_sawtooth], layout_gridlike,
          minmay_swamp_entry_worms, minmay_hedge_maze
Lair:4:   layout_concentric_octagons, gammafunk_ghost_cemetery
Lair:5:   layout_roguey, kennysheep_snail_temple, lemuel_fruit_fields,
          uniq_nessos, uniq_josephine, uniq_snorg
Lair:6:   cheibrodos_lair_end_hotspot, layout_cave_pods, slime_dummy
Swamp:1:  layout_basic_swamp, ebering_ghost_reflecting_pool,
          nicolae_swamp_decorative_isthmus, swamp_pool3
Swamp:2:  layout_falls_marsh, evilmike_swamp_ruin_house_1
Swamp:3:  layout_falls_marsh, evilmike_swamp_ruin_house_4, swamp_pool2
Swamp:4:  byrel_swamp_growth_death_and_undeath, layout_basic_swamp
Orc:1:    layout_diamond_mine
Orc:2:    st_orc_pillars, layout_diamond_mine, uniq_saint_roka

Skill      XL: |  1  2  3  4  5  6  7  8  9 10 11 12 13 14 15 16 17 |
---------------+----------------------------------------------------+-----
Maces & Flails | 3 4 5 7 9 10 12 13 14 | 14.8
Armour         | 4 5 6 7 8 10 11 12 13 15 16 | 16.9
Fighting       | 4 5 6 7 8 9 11 12 13 15 16 | 16.9
Shields        | 4 5 6 7 8 10 11 | 11.7
Dodging        | 3 6 10 12 13 | 13.1

Action                   |  1- 3 |  4- 6 |  7- 9 | 10-12 | 13-15 | 16-18 || total
-------------------------+-------+-------+-------+-------+-------+-------++-------
Melee: Flail             |    88 |   135 |   379 |   215 |  1601 |   956 ||  3374
       Dire flail        |       |       |    50 |   399 |       |       ||   449
       Morningstar       |       |       |       |       |       |   338 ||   338
 Fire: Hunting sling     |       |     5 |     7 |       |       |       ||    12
Throw: Dart              |    55 |    57 |     3 |       |       |       ||   115
       Boomerang         |       |    11 |       |       |       |       ||    11
Invok: Heroism           |       |       |       |    10 |    20 |    21 ||    51
       Finesse           |       |       |       |     1 |     4 |     4 ||     9
Evoke: Wand              |       |       |       |       |    11 |     8 ||    19
       Lightning rod     |       |       |       |       |     4 |       ||     4
  Use: Potion            |     1 |       |     7 |     5 |     5 |     1 ||    19
       Scroll            |       |     8 |    10 |     2 |    15 |     8 ||    43
 Stab: Distracted        |       |       |       |       |     1 |       ||     1
Armor: Scale mail        |    22 |       |       |       |       |       ||    22
       Chain mail        |    33 |    41 |       |       |       |       ||    74
       Plate armour      |       |    57 |   371 |   352 |   965 |   765 ||  2510
Dodge: Dodged            |    21 |    19 |    40 |   110 |   454 |   485 ||  1129
Block: Kite shield       |    51 |    49 |       |       |   977 |   834 ||  1911
       Tower shield      |       |    42 |   322 |   229 |   168 |       ||   761
